2886 views
Uploaded 2020-01-16 22:27:06
Game version 1.32.0.5
26:58 long 4on4 ladder game on (8)GolemsInTheMist_LV
Saved by BEARAND
2886 views
Uploaded 2020-01-16 22:27:06
Game version 1.32.0.5
26:58 long 4on4 ladder game on (8)GolemsInTheMist_LV


137 units @ 23.2k
/ 4.5k
84 buildings @ 11.2k
/ 4.9k

| Scroll of Regeneration | 2 | 200 |
| total: | 2 | 200g |
| Peasant | 15 | 1125 | / | 0 |
| Footman | 10 | 1350 | / | 0 |
| Knight | 16 | 3920 | / | 960 |
| total: | 41 | 6395g | / | 960w |
| Scout Tower | 7 | 210 | / | 140 |
| Guard Tower | 5 | 350 | / | 250 |
| Barracks | 3 | 480 | / | 180 |
| Farm | 7 | 560 | / | 140 |
| Altar of Kings | 1 | 180 | / | 50 |
| Lumber Mill | 1 | 120 | / | 0 |
| Arcane Vault | 1 | 130 | / | 30 |
| Blacksmith | 1 | 140 | / | 60 |
| Town Hall | 1 | 385 | / | 205 |
| Keep | 1 | 320 | / | 210 |
| Castle | 1 | 360 | / | 210 |
| total: | 22 | 2205g | / | 805w |
| 0:05 | Peasant |
| 0:05 | Peasant |
| 0:13 | Peasant |
| 0:25 | Barracks |
| 0:27 | Peasant |
| 0:40 | Peasant |
| 0:46 | Farm |
| 0:56 | Peasant |
| 1:08 | Altar of Kings |
| 1:20 | Farm |
| 1:23 | Peasant |
| 1:28 | Footman |
| 1:49 | Peasant |
| 1:51 | Footman |
| 2:01 | Footman |
| 2:08 | Farm |
| 2:21 | Footman |
| 2:34 | Defend |
| 2:38 | Footman |
| 3:14 | Holy Light |
| 3:37 | Footman |
| 3:45 | Peasant |
| 3:47 | Footman |
| 4:02 | Footman |
| 4:14 | Footman |
| 4:34 | Keep |
| 4:40 | Lumber Mill |
| 4:56 | Footman |
| 5:08 | Arcane Vault |
| 6:51 | Barracks |
| 6:59 | Farm |
| 7:39 | Blacksmith |
| 7:40 | Castle |
| 7:46 | Devotion Aura |
| 8:08 | Scout Tower |
| 8:25 | Farm |
| 8:28 | Scroll of Regeneration |
| 8:36 | Improved Lumber Harvesting |
| 8:59 | Iron Plating |
| 8:59 | Iron Forged Swords |
| 9:08 | Scout Tower |
| 9:11 | Farm |
| 9:14 | Guard Tower |
| 9:17 | Scout Tower |
| 9:21 | Town Hall |
| 9:30 | Holy Light |
| 9:45 | Guard Tower |
| 10:03 | Farm |
| 10:07 | Guard Tower |
| 10:10 | Animal War Training |
| 10:10 | Knight |
| 10:27 | Peasant |
| 11:15 | Knight |
| 11:58 | Knight |
| 12:40 | Knight |
| 12:44 | Sundering Blades |
| 12:45 | Knight |
| 13:23 | Knight |
| 14:25 | Knight |
| 15:26 | Divine Shield |
| 15:50 | Peasant |
| 15:50 | Peasant |
| 15:50 | Peasant |
| 16:06 | Scroll of Regeneration |
| 16:09 | Knight |
| 16:09 | Knight |
| 16:12 | Steel Plating |
| 16:34 | Knight |
| 16:53 | Barracks |
| 17:26 | Knight |
| 17:35 | Mithril Plating |
| 17:38 | Advanced Lumber Harvesting |
| 17:49 | Scout Tower |
| 17:50 | Scout Tower |
| 17:51 | Scout Tower |
| 17:52 | Scout Tower |
| 18:26 | Knight |
| 19:41 | Guard Tower |
| 20:17 | Guard Tower |
| 21:18 | Knight |
| 21:18 | Knight |
| 21:41 | Knight |
| 22:04 | Peasant |
| 22:05 | Peasant |
| 22:52 | Knight |
| 23:30 | Steel Forged Swords |
| Right click | 604 |
| Chat | 520 |
| Select | 235 |
| Select group | 232 |
| Build/train/purchase | 83 |
| Misc. action | 63 |
| Use ability | 33 |
| Assign group | 26 |
| Minimap ping | 4 |
| Remove unit | 1 |



| Scroll of Regeneration | 1 | 100 |
| Scroll of Town Portal | 1 | 350 |
| total: | 2 | 450g |
| Peasant | 8 | 600 | / | 0 |
| Rifleman | 9 | 1845 | / | 270 |
| Mortar Team | 17 | 3060 | / | 1190 |
| Priest | 4 | 540 | / | 40 |
| Goblin Shredder | 1 | 375 | / | 100 |
| Goblin Zeppelin | 3 | 720 | / | 180 |
| total: | 42 | 7140g | / | 1780w |
| Scout Tower | 3 | 90 | / | 60 |
| Arcane Tower | 1 | 70 | / | 50 |
| Guard Tower | 1 | 70 | / | 50 |
| Blacksmith | 1 | 140 | / | 60 |
| Barracks | 1 | 160 | / | 60 |
| Farm | 10 | 800 | / | 200 |
| Altar of Kings | 1 | 180 | / | 50 |
| Town Hall | 1 | 385 | / | 205 |
| Lumber Mill | 1 | 120 | / | 0 |
| Arcane Vault | 1 | 130 | / | 30 |
| Workshop | 2 | 280 | / | 280 |
| Arcane Sanctum | 1 | 150 | / | 140 |
| Gryphon Aviary | 1 | 140 | / | 150 |
| Keep | 1 | 320 | / | 210 |
| Castle | 1 | 360 | / | 210 |
| total: | 23 | 2575g | / | 1235w |
| 0:02 | Peasant |
| 0:02 | Peasant |
| 0:29 | Peasant |
| 0:29 | Peasant |
| 0:29 | Peasant |
| 0:45 | Peasant |
| 0:49 | Blacksmith |
| 1:04 | Barracks |
| 1:11 | Farm |
| 1:13 | Farm |
| 1:18 | Altar of Kings |
| 1:20 | Peasant |
| 1:22 | Peasant |
| 2:08 | Rifleman |
| 2:20 | Farm |
| 2:24 | Rifleman |
| 2:39 | Farm |
| 2:42 | Rifleman |
| 3:00 | Summon Water Elemental |
| 3:10 | Scout Tower |
| 3:16 | Rifleman |
| 3:49 | Keep |
| 3:56 | Rifleman |
| 5:27 | Farm |
| 5:28 | Farm |
| 5:38 | Farm |
| 5:39 | Farm |
| 5:42 | Arcane Tower |
| 6:01 | Rifleman |
| 6:04 | Rifleman |
| 6:06 | Scout Tower |
| 6:21 | Scout Tower |
| 6:38 | Workshop |
| 6:46 | Workshop |
| 7:13 | Goblin Shredder |
| 7:37 | Goblin Zeppelin |
| 7:53 | Storm Bolt |
| 8:08 | Brilliance Aura |
| 8:23 | Mortar Team |
| 8:31 | Town Hall |
| 8:47 | Goblin Zeppelin |
| 9:00 | Lumber Mill |
| 9:30 | Mortar Team |
| 9:50 | Arcane Vault |
| 10:08 | Mortar Team |
| 10:14 | Goblin Zeppelin |
| 10:43 | Black Gunpowder |
| 10:43 | Studded Leather Armor |
| 10:53 | Castle |
| 11:09 | Mortar Team |
| 11:19 | Scroll of Regeneration |
| 11:27 | Mortar Team |
| 11:42 | Mortar Team |
| 11:56 | Flare |
| 12:15 | Mortar Team |
| 12:37 | Arcane Sanctum |
| 12:40 | Improved Masonry |
| 12:40 | Improved Lumber Harvesting |
| 12:56 | Mortar Team |
| 13:08 | Refined Gunpowder |
| 13:08 | Reinforced Leather Armor |
| 14:18 | Mortar Team |
| 14:25 | Priest |
| 14:33 | Blizzard |
| 14:44 | Mortar Team |
| 14:57 | Gryphon Aviary |
| 15:05 | Priest |
| 15:06 | Priest |
| 15:26 | Priest |
| 16:01 | Priest Adept Training |
| 17:34 | Scroll of Town Portal |
| 17:44 | Holy Light |
| 18:34 | Mortar Team |
| 18:34 | Mortar Team |
| 18:35 | Mortar Team |
| 19:08 | Mortar Team |
| 19:17 | Mortar Team |
| 19:30 | Fragmentation Shards |
| 19:31 | Barrage |
| 19:46 | Farm |
| 19:49 | Guard Tower |
| 20:28 | Farm |
| 22:46 | Long Rifles |
| 22:47 | Animal War Training |
| 22:47 | Rifleman |
| 22:47 | Rifleman |
| 22:49 | Mortar Team |
| 22:49 | Mortar Team |
| Right click | 1237 |
| Select group | 1148 |
| Select | 303 |
| Build/train/purchase | 118 |
| Misc. action | 68 |
| Chat | 51 |
| Assign group | 48 |
| Use ability | 34 |
| Minimap ping | 13 |
| Esc | 6 |


| Rod of Necromancy | 1 | 150 |
| Scroll of Town Portal | 1 | 350 |
| total: | 2 | 500g |
| Acolyte | 2 | 150 | / | 0 |
| Ghoul | 5 | 600 | / | 0 |
| Crypt Fiend | 5 | 1075 | / | 200 |
| Gargoyle | 2 | 350 | / | 60 |
| Frost Wyrm | 7 | 2695 | / | 840 |
| Goblin Shredder | 1 | 375 | / | 100 |
| total: | 22 | 5245g | / | 1200w |
| Nerubian Tower | 1 | 100 | / | 20 |
| Spirit Tower | 1 | 145 | / | 40 |
| Altar of Darkness | 1 | 180 | / | 50 |
| Crypt | 2 | 400 | / | 100 |
| Ziggurat | 6 | 900 | / | 300 |
| Graveyard | 1 | 215 | / | 0 |
| Tomb of Relics | 1 | 130 | / | 30 |
| Sacrificial Pit | 1 | 75 | / | 150 |
| Slaughterhouse | 2 | 280 | / | 270 |
| Boneyard | 2 | 350 | / | 400 |
| Halls of the Dead | 1 | 320 | / | 210 |
| Black Citadel | 1 | 325 | / | 230 |
| total: | 16 | 2530g | / | 1300w |
| 0:06 | Altar of Darkness |
| 0:10 | Crypt |
| 0:12 | Acolyte |
| 0:23 | Acolyte |
| 0:36 | Ziggurat |
| 1:02 | Graveyard |
| 1:13 | Ghoul |
| 1:32 | Ghoul |
| 1:39 | Tomb of Relics |
| 1:52 | Ghoul |
| 2:02 | Nerubian Tower |
| 2:14 | Ghoul |
| 2:26 | Ziggurat |
| 2:30 | Death Coil |
| 2:33 | Ghoul |
| 2:45 | Rod of Necromancy |
| 3:36 | Crypt Fiend |
| 3:40 | Crypt |
| 4:29 | Crypt Fiend |
| 4:31 | Halls of the Dead |
| 4:51 | Crypt Fiend |
| 5:24 | Unholy Aura |
| 5:40 | Goblin Shredder |
| 5:55 | Ziggurat |
| 5:57 | Ziggurat |
| 6:48 | Crypt Fiend |
| 7:29 | Black Citadel |
| 8:09 | Frost Nova |
| 8:48 | Spirit Tower |
| 8:51 | Crypt Fiend |
| 8:52 | Web |
| 9:13 | Sacrificial Pit |
| 10:04 | Boneyard |
| 10:08 | Boneyard |
| 10:35 | Ziggurat |
| 11:09 | Gargoyle |
| 11:23 | Freezing Breath |
| 11:25 | Frost Wyrm |
| 11:50 | Gargoyle |
| 12:14 | Frost Wyrm |
| 12:51 | Creature Carapace |
| 13:17 | Ziggurat |
| 14:56 | Frost Wyrm |
| 14:58 | Slaughterhouse |
| 15:01 | Frost Wyrm |
| 15:57 | Slaughterhouse |
| 17:38 | Scroll of Town Portal |
| 17:44 | Frost Wyrm |
| 19:45 | Frost Wyrm |
| 19:46 | Burrow |
| 21:08 | Frost Wyrm |
| 21:14 | Creature Attack |
| 21:15 | Improved Creature Carapace |
| Right click | 859 |
| Select group | 276 |
| Select | 256 |
| Build/train/purchase | 44 |
| Use ability | 26 |
| Assign group | 20 |
| Chat | 5 |
| Remove unit | 2 |
| Misc. action | 1 |
| Item give/drop | 1 |


| Potion of Healing | 1 | 150 |
| Healing Salve | 1 | 100 |
| total: | 2 | 250g |
| Peon | 13 | 975 | / | 0 |
| Troll Headhunter | 12 | 1680 | / | 240 |
| Kodo Beast | 1 | 255 | / | 60 |
| Troll Berserker | 2 | 280 | / | 40 |
| Goblin Shredder | 2 | 750 | / | 200 |
| Forest Troll Berserker | 2 | 490 | / | 60 |
| total: | 32 | 4430g | / | 600w |
| Watch Tower | 6 | 660 | / | 480 |
| War Mill | 1 | 205 | / | 0 |
| Altar of Storms | 1 | 180 | / | 50 |
| Orc Burrow | 9 | 1440 | / | 360 |
| Barracks | 2 | 360 | / | 100 |
| Voodoo Lounge | 1 | 130 | / | 30 |
| Great Hall | 2 | 770 | / | 370 |
| Beastiary | 1 | 145 | / | 140 |
| Stronghold | 3 | 945 | / | 570 |
| Fortress | 1 | 325 | / | 190 |
| total: | 23 | 3890g | / | 1530w |
| 0:04 | Peon |
| 0:04 | Peon |
| 0:12 | War Mill |
| 0:22 | Altar of Storms |
| 0:35 | Orc Burrow |
| 0:52 | Peon |
| 0:52 | Peon |
| 1:30 | Barracks |
| 2:20 | Orc Burrow |
| 2:47 | Stronghold |
| 2:48 | Stronghold |
| 3:07 | Wind Walk |
| 3:57 | Troll Headhunter |
| 4:37 | Troll Headhunter |
| 4:53 | Troll Headhunter |
| 5:02 | Steel Ranged Weapons |
| 5:47 | Peon |
| 5:47 | Peon |
| 5:48 | Peon |
| 6:16 | Troll Headhunter |
| 6:17 | Troll Headhunter |
| 7:19 | Peon |
| 7:19 | Peon |
| 7:40 | Watch Tower |
| 7:49 | Troll Headhunter |
| 7:58 | Peon |
| 7:59 | Peon |
| 8:30 | Mirror Image |
| 8:50 | Orc Burrow |
| 8:58 | Troll Regeneration |
| 9:03 | Peon |
| 9:03 | Peon |
| 9:57 | Goblin Shredder |
| 9:57 | Goblin Shredder |
| 10:21 | Watch Tower |
| 10:38 | Troll Headhunter |
| 11:40 | Orc Burrow |
| 12:34 | Thorium Ranged Weapons |
| 12:41 | Orc Burrow |
| 12:55 | Troll Headhunter |
| 13:12 | Beastiary |
| 13:38 | Watch Tower |
| 14:04 | Steel Armor |
| 14:32 | Forest Troll Berserker |
| 14:33 | Forest Troll Berserker |
| 14:53 | Orc Burrow |
| 15:16 | Troll Headhunter |
| 16:04 | Orc Burrow |
| 16:25 | Voodoo Lounge |
| 17:02 | Orc Burrow |
| 19:04 | Healing Wave |
| 19:49 | Watch Tower |
| 20:35 | Mirror Image |
| 20:51 | Kodo Beast |
| 20:55 | Fortress |
| 21:52 | Orc Burrow |
| 22:04 | Potion of Healing |
| 22:05 | Healing Salve |
| 22:25 | Troll Headhunter |
| 22:26 | Troll Headhunter |
| 22:41 | Barracks |
| 23:00 | Watch Tower |
| 24:14 | Great Hall |
| 24:24 | Watch Tower |
| 24:52 | Berserker Upgrade |
| 24:53 | Troll Headhunter |
| 25:24 | Great Hall |
| 26:15 | Troll Berserker |
| 26:15 | Troll Berserker |
| Right click | 989 |
| Select | 207 |
| Misc. action | 88 |
| Build/train/purchase | 73 |
| Select group | 47 |
| Assign group | 20 |
| Use ability | 10 |
| Esc | 1 |
89 units @ 9.6k
/ 0.8k
323 buildings @ 22k
/ 12.1k



| Staff of Sanctuary | 3 | 750 |
| Boots of Speed | 3 | 750 |
| Staff of Teleportation | 3 | 450 |
| Periapt of Vitality | 1 | 325 |
| Circlet of Nobility | 1 | 175 |
| Healing Salve | 3 | 300 |
| Orb of Corruption | 1 | 375 |
| total: | 15 | 3125g |
| Peasant | 20 | 1500 | / | 0 |
| Dragonhawk Rider | 5 | 1000 | / | 150 |
| Priest | 1 | 135 | / | 10 |
| total: | 26 | 2635g | / | 160w |
| Scout Tower | 80 | 2400 | / | 1600 |
| Arcane Tower | 3 | 210 | / | 150 |
| Guard Tower | 52 | 3640 | / | 2600 |
| Altar of Kings | 1 | 180 | / | 50 |
| Farm | 5 | 400 | / | 100 |
| Lumber Mill | 2 | 240 | / | 0 |
| Town Hall | 2 | 770 | / | 410 |
| Arcane Vault | 3 | 390 | / | 90 |
| Blacksmith | 1 | 140 | / | 60 |
| Barracks | 1 | 160 | / | 60 |
| Arcane Sanctum | 1 | 150 | / | 140 |
| Gryphon Aviary | 1 | 140 | / | 150 |
| Keep | 1 | 320 | / | 210 |
| Castle | 1 | 360 | / | 210 |
| total: | 97 | 4970g | / | 2660w |
| 0:02 | Peasant |
| 0:03 | Peasant |
| 0:12 | Altar of Kings |
| 0:14 | Peasant |
| 0:24 | Farm |
| 0:26 | Peasant |
| 0:39 | Peasant |
| 0:50 | Lumber Mill |
| 0:54 | Farm |
| 1:00 | Peasant |
| 1:16 | Peasant |
| 1:26 | Peasant |
| 1:37 | Peasant |
| 1:42 | Peasant |
| 1:46 | Scout Tower |
| 1:53 | Scout Tower |
| 1:57 | Scout Tower |
| 1:59 | Peasant |
| 2:00 | Peasant |
| 2:10 | Blizzard |
| 2:13 | Arcane Tower |
| 2:15 | Scout Tower |
| 2:18 | Peasant |
| 2:20 | Improved Masonry |
| 2:24 | Arcane Tower |
| 2:25 | Scout Tower |
| 2:31 | Scout Tower |
| 2:41 | Scout Tower |
| 2:41 | Guard Tower |
| 2:49 | Peasant |
| 2:49 | Peasant |
| 3:00 | Scout Tower |
| 3:01 | Guard Tower |
| 3:02 | Scout Tower |
| 3:30 | Guard Tower |
| 3:31 | Guard Tower |
| 3:33 | Scout Tower |
| 3:33 | Scout Tower |
| 3:34 | Scout Tower |
| 3:34 | Guard Tower |
| 3:58 | Scout Tower |
| 3:59 | Scout Tower |
| 4:01 | Scout Tower |
| 4:01 | Scout Tower |
| 4:13 | Guard Tower |
| 4:28 | Keep |
| 4:31 | Farm |
| 4:32 | Farm |
| 4:39 | Guard Tower |
| 4:45 | Guard Tower |
| 4:47 | Guard Tower |
| 4:48 | Scout Tower |
| 4:49 | Scout Tower |
| 4:50 | Healing Salve |
| 4:56 | Guard Tower |
| 5:38 | Guard Tower |
| 5:40 | Scout Tower |
| 5:41 | Scout Tower |
| 5:42 | Scout Tower |
| 5:42 | Scout Tower |
| 5:54 | Scout Tower |
| 5:54 | Scout Tower |
| 5:56 | Scout Tower |
| 5:57 | Scout Tower |
| 5:59 | Scout Tower |
| 6:00 | Scout Tower |
| 6:18 | Guard Tower |
| 6:19 | Guard Tower |
| 6:21 | Scout Tower |
| 6:22 | Scout Tower |
| 6:23 | Scout Tower |
| 6:24 | Scout Tower |
| 6:29 | Brilliance Aura |
| 6:41 | Guard Tower |
| 6:53 | Guard Tower |
| 6:56 | Scout Tower |
| 6:56 | Scout Tower |
| 6:57 | Scout Tower |
| 6:57 | Scout Tower |
| 7:24 | Guard Tower |
| 7:24 | Arcane Tower |
| 7:26 | Arcane Sanctum |
| 7:51 | Storm Bolt |
| 8:09 | Guard Tower |
| 8:09 | Guard Tower |
| 8:10 | Guard Tower |
| 8:13 | Improved Lumber Harvesting |
| 8:14 | Peasant |
| 8:53 | Guard Tower |
| 8:54 | Guard Tower |
| 8:59 | Scout Tower |
| 8:59 | Scout Tower |
| 9:00 | Scout Tower |
| 9:00 | Scout Tower |
| 9:05 | Boots of Speed |
| 9:09 | Guard Tower |
| 9:23 | Guard Tower |
| 9:27 | Healing Salve |
| 9:45 | Boots of Speed |
| 9:50 | Staff of Teleportation |
| 10:29 | Town Hall |
| 10:33 | Scout Tower |
| 10:34 | Scout Tower |
| 11:01 | Scout Tower |
| 11:02 | Scout Tower |
| 11:03 | Scout Tower |
| 11:03 | Scout Tower |
| 11:06 | Guard Tower |
| 11:10 | Guard Tower |
| 11:10 | Guard Tower |
| 11:23 | Castle |
| 11:41 | Guard Tower |
| 11:46 | Magic Sentry |
| 12:03 | Staff of Teleportation |
| 12:07 | Guard Tower |
| 12:11 | Guard Tower |
| 12:53 | Town Hall |
| 12:56 | Scout Tower |
| 12:57 | Scout Tower |
| 12:58 | Scout Tower |
| 12:58 | Scout Tower |
| 13:23 | Farm |
| 13:33 | Guard Tower |
| 14:02 | Guard Tower |
| 14:26 | Advanced Masonry |
| 14:38 | Arcane Vault |
| 14:57 | Holy Light |
| 15:02 | Peasant |
| 15:03 | Peasant |
| 15:06 | Peasant |
| 15:49 | Gryphon Aviary |
| 15:50 | Blacksmith |
| 15:54 | Arcane Vault |
| 15:57 | Arcane Vault |
| 16:01 | Staff of Teleportation |
| 16:01 | Boots of Speed |
| 16:04 | Periapt of Vitality |
| 16:04 | Circlet of Nobility |
| 16:13 | Scout Tower |
| 16:14 | Scout Tower |
| 16:15 | Scout Tower |
| 16:15 | Scout Tower |
| 16:15 | Scout Tower |
| 16:16 | Scout Tower |
| 16:16 | Scout Tower |
| 16:17 | Scout Tower |
| 16:25 | Staff of Sanctuary |
| 16:49 | Lumber Mill |
| 16:54 | Guard Tower |
| 16:56 | Scout Tower |
| 16:57 | Scout Tower |
| 16:58 | Scout Tower |
| 16:59 | Scout Tower |
| 17:00 | Scout Tower |
| 17:00 | Scout Tower |
| 17:00 | Scout Tower |
| 17:01 | Scout Tower |
| 17:01 | Scout Tower |
| 17:01 | Scout Tower |
| 17:02 | Scout Tower |
| 17:05 | Guard Tower |
| 17:07 | Peasant |
| 17:15 | Dragonhawk Rider |
| 17:26 | Guard Tower |
| 17:29 | Imbued Masonry |
| 17:37 | Priest |
| 17:46 | Scout Tower |
| 17:47 | Scout Tower |
| 17:47 | Scout Tower |
| 17:51 | Guard Tower |
| 17:51 | Guard Tower |
| 17:53 | Guard Tower |
| 18:06 | Staff of Sanctuary |
| 18:52 | Scout Tower |
| 18:53 | Scout Tower |
| 18:53 | Scout Tower |
| 18:53 | Scout Tower |
| 18:59 | Guard Tower |
| 19:33 | Bash |
| 19:41 | Healing Salve |
| 19:50 | Guard Tower |
| 19:55 | Guard Tower |
| 21:03 | Blizzard |
| 21:55 | Dragonhawk Rider |
| 21:56 | Dragonhawk Rider |
| 21:56 | Dragonhawk Rider |
| 22:00 | Guard Tower |
| 22:09 | Scout Tower |
| 22:10 | Scout Tower |
| 22:15 | Dragonhawk Rider |
| 22:18 | Barracks |
| 22:19 | Studded Leather Armor |
| 22:20 | Scout Tower |
| 22:22 | Scout Tower |
| 23:11 | Guard Tower |
| 23:28 | Divine Shield |
| 23:46 | Orb of Corruption |
| 24:04 | Staff of Sanctuary |
| 24:16 | Guard Tower |
| 24:53 | Storm Bolt |
| Right click | 2398 |
| Select | 594 |
| Select group | 468 |
| Chat | 287 |
| Build/train/purchase | 253 |
| Use ability | 92 |
| Minimap ping | 18 |
| Assign group | 17 |
| Resource trade | 5 |
| Misc. action | 3 |
| Item give/drop | 2 |
IcebergSlim
(26:57) : 
| Orb of Lightning | 1 | 375 |
| Boots of Speed | 1 | 250 |
| Staff of Teleportation | 1 | 150 |
| Circlet of Nobility | 1 | 175 |
| total: | 4 | 950g |
| Peon | 15 | 1125 | / | 0 |
| Troll Batrider | 2 | 320 | / | 80 |
| Goblin Shredder | 2 | 750 | / | 200 |
| total: | 19 | 2195g | / | 280w |
| Watch Tower | 38 | 4180 | / | 3040 |
| Altar of Storms | 2 | 360 | / | 100 |
| Orc Burrow | 7 | 1120 | / | 280 |
| War Mill | 3 | 615 | / | 0 |
| Voodoo Lounge | 5 | 650 | / | 150 |
| Great Hall | 1 | 385 | / | 185 |
| Beastiary | 12 | 1740 | / | 1680 |
| Stronghold | 2 | 630 | / | 380 |
| Fortress | 2 | 650 | / | 380 |
| total: | 68 | 9050g | / | 5435w |
| 0:02 | Peon |
| 0:02 | Peon |
| 0:05 | Altar of Storms |
| 0:18 | Orc Burrow |
| 0:25 | Peon |
| 0:35 | Peon |
| 0:48 | War Mill |
| 0:54 | Peon |
| 1:04 | Peon |
| 1:18 | Peon |
| 1:35 | Orc Burrow |
| 1:38 | Peon |
| 1:55 | Peon |
| 1:59 | Watch Tower |
| 2:11 | Peon |
| 2:24 | Acid Bomb |
| 2:27 | Watch Tower |
| 2:30 | Peon |
| 2:38 | Peon |
| 2:38 | Peon |
| 3:11 | Watch Tower |
| 3:33 | Voodoo Lounge |
| 3:37 | Watch Tower |
| 3:42 | Stronghold |
| 4:16 | Watch Tower |
| 4:28 | Voodoo Lounge |
| 4:34 | War Mill |
| 4:48 | Watch Tower |
| 4:50 | Watch Tower |
| 5:37 | Watch Tower |
| 5:56 | Watch Tower |
| 5:58 | Watch Tower |
| 6:06 | Peon |
| 6:06 | Peon |
| 6:09 | Orc Burrow |
| 6:22 | Chemical Rage |
| 6:45 | Watch Tower |
| 6:51 | Reinforced Defenses |
| 7:02 | Watch Tower |
| 7:21 | Watch Tower |
| 7:38 | Boots of Speed |
| 7:54 | Spiked Barricades |
| 7:56 | Watch Tower |
| 8:09 | Watch Tower |
| 8:43 | Fortress |
| 8:56 | Watch Tower |
| 9:33 | Watch Tower |
| 9:35 | Watch Tower |
| 9:42 | Voodoo Lounge |
| 9:47 | Watch Tower |
| 9:49 | Watch Tower |
| 9:57 | Watch Tower |
| 10:05 | Watch Tower |
| 10:06 | Watch Tower |
| 10:37 | Goblin Shredder |
| 11:05 | Orb of Lightning |
| 11:13 | Acid Bomb |
| 11:26 | Watch Tower |
| 11:28 | Watch Tower |
| 11:30 | Watch Tower |
| 11:33 | Beastiary |
| 11:34 | Beastiary |
| 11:53 | Staff of Teleportation |
| 12:42 | Watch Tower |
| 12:43 | Watch Tower |
| 12:59 | Beastiary |
| 13:01 | Beastiary |
| 13:02 | Liquid Fire |
| 13:38 | Great Hall |
| 14:31 | Watch Tower |
| 14:33 | Watch Tower |
| 14:50 | Watch Tower |
| 14:52 | Beastiary |
| 14:54 | Beastiary |
| 15:38 | Watch Tower |
| 15:51 | Watch Tower |
| 15:57 | Watch Tower |
| 16:05 | Watch Tower |
| 16:08 | Watch Tower |
| 16:42 | Circlet of Nobility |
| 16:47 | Watch Tower |
| 16:57 | Watch Tower |
| 17:09 | Voodoo Lounge |
| 17:28 | Troll Batrider |
| 18:47 | Altar of Storms |
| 19:15 | Stronghold |
| 20:04 | War Mill |
| 20:16 | Voodoo Lounge |
| 20:43 | Orc Burrow |
| 21:38 | Fortress |
| 22:05 | Beastiary |
| 22:09 | Beastiary |
| 22:12 | Beastiary |
| 22:44 | Beastiary |
| 22:54 | Beastiary |
| 22:56 | Beastiary |
| 23:20 | Orc Burrow |
| 23:26 | Orc Burrow |
| 23:33 | Orc Burrow |
| 24:44 | Chemical Rage |
| 25:02 | Goblin Shredder |
| 25:16 | Troll Batrider |
| Right click | 2356 |
| Select | 378 |
| Misc. action | 111 |
| Chat | 93 |
| Build/train/purchase | 71 |
| Select group | 60 |
| Use ability | 48 |
| Assign group | 15 |
| Resource trade | 7 |
| Minimap ping | 4 |
| Item give/drop | 1 |
| Esc | 1 |



| Lesser Clarity Potion | 1 | 70 |
| Staff of Sanctuary | 3 | 750 |
| Staff of Teleportation | 3 | 450 |
| Boots of Speed | 4 | 1000 |
| Circlet of Nobility | 2 | 350 |
| Periapt of Vitality | 1 | 325 |
| Healing Salve | 1 | 100 |
| Orb of Lightning | 2 | 750 |
| Orb of Corruption | 1 | 375 |
| total: | 18 | 4170g |
| Peasant | 19 | 1425 | / | 0 |
| Priest | 2 | 270 | / | 20 |
| Dragonhawk Rider | 2 | 400 | / | 60 |
| Sorceress | 1 | 155 | / | 20 |
| total: | 24 | 2250g | / | 100w |
| Scout Tower | 130 | 3900 | / | 2600 |
| Arcane Tower | 5 | 350 | / | 250 |
| Guard Tower | 42 | 2940 | / | 2100 |
| Altar of Kings | 1 | 180 | / | 50 |
| Farm | 5 | 400 | / | 100 |
| Lumber Mill | 3 | 360 | / | 0 |
| Town Hall | 1 | 385 | / | 205 |
| Arcane Vault | 3 | 390 | / | 90 |
| Blacksmith | 1 | 140 | / | 60 |
| Barracks | 1 | 160 | / | 60 |
| Arcane Sanctum | 1 | 150 | / | 140 |
| Gryphon Aviary | 1 | 140 | / | 150 |
| Keep | 1 | 320 | / | 210 |
| Castle | 1 | 360 | / | 210 |
| total: | 147 | 6205g | / | 3455w |
| 0:03 | Peasant |
| 0:03 | Peasant |
| 0:06 | Altar of Kings |
| 0:12 | Farm |
| 0:13 | Farm |
| 0:15 | Peasant |
| 0:22 | Peasant |
| 0:35 | Farm |
| 0:36 | Peasant |
| 0:58 | Peasant |
| 1:03 | Lumber Mill |
| 1:10 | Lumber Mill |
| 1:20 | Peasant |
| 1:30 | Scout Tower |
| 1:37 | Scout Tower |
| 1:41 | Peasant |
| 1:51 | Peasant |
| 1:57 | Arcane Tower |
| 1:59 | Scout Tower |
| 2:06 | Blizzard |
| 2:10 | Peasant |
| 2:10 | Peasant |
| 2:21 | Lumber Mill |
| 2:24 | Guard Tower |
| 2:25 | Scout Tower |
| 2:30 | Peasant |
| 2:35 | Guard Tower |
| 3:07 | Guard Tower |
| 3:08 | Scout Tower |
| 3:09 | Scout Tower |
| 3:09 | Peasant |
| 3:10 | Peasant |
| 3:37 | Guard Tower |
| 3:59 | Guard Tower |
| 4:08 | Scout Tower |
| 4:09 | Scout Tower |
| 4:15 | Keep |
| 4:17 | Improved Masonry |
| 4:24 | Farm |
| 4:38 | Healing Salve |
| 4:38 | Lesser Clarity Potion |
| 4:43 | Guard Tower |
| 4:44 | Guard Tower |
| 4:53 | Scout Tower |
| 4:54 | Scout Tower |
| 5:11 | Scout Tower |
| 5:12 | Scout Tower |
| 5:14 | Scout Tower |
| 5:36 | Guard Tower |
| 5:37 | Scout Tower |
| 5:38 | Scout Tower |
| 6:00 | Guard Tower |
| 6:03 | Scout Tower |
| 6:09 | Guard Tower |
| 6:10 | Scout Tower |
| 6:11 | Scout Tower |
| 6:44 | Guard Tower |
| 6:47 | Guard Tower |
| 6:51 | Scout Tower |
| 6:52 | Scout Tower |
| 6:53 | Scout Tower |
| 6:53 | Scout Tower |
| 7:34 | Brilliance Aura |
| 7:36 | Castle |
| 7:38 | Advanced Masonry |
| 7:40 | Guard Tower |
| 7:42 | Arcane Sanctum |
| 7:47 | Staff of Teleportation |
| 7:47 | Boots of Speed |
| 7:50 | Boots of Speed |
| 7:58 | Storm Bolt |
| 8:42 | Town Hall |
| 8:55 | Scout Tower |
| 8:56 | Scout Tower |
| 8:57 | Scout Tower |
| 8:59 | Scout Tower |
| 9:09 | Scout Tower |
| 9:09 | Scout Tower |
| 9:10 | Scout Tower |
| 9:10 | Scout Tower |
| 9:12 | Improved Lumber Harvesting |
| 9:14 | Guard Tower |
| 9:20 | Guard Tower |
| 9:35 | Guard Tower |
| 9:44 | Scout Tower |
| 9:45 | Scout Tower |
| 9:45 | Scout Tower |
| 9:55 | Guard Tower |
| 10:21 | Peasant |
| 10:21 | Peasant |
| 10:21 | Peasant |
| 10:27 | Bash |
| 10:28 | Blizzard |
| 10:37 | Guard Tower |
| 10:39 | Arcane Tower |
| 10:42 | Magic Sentry |
| 10:48 | Arcane Vault |
| 10:49 | Arcane Vault |
| 11:24 | Boots of Speed |
| 11:27 | Circlet of Nobility |
| 11:31 | Holy Light |
| 11:36 | Arcane Vault |
| 11:38 | Scout Tower |
| 11:39 | Scout Tower |
| 11:47 | Guard Tower |
| 11:48 | Arcane Tower |
| 11:52 | Arcane Tower |
| 12:02 | Imbued Masonry |
| 12:03 | Advanced Lumber Harvesting |
| 12:05 | Scout Tower |
| 12:06 | Scout Tower |
| 12:10 | Priest |
| 12:11 | Priest Adept Training |
| 12:14 | Farm |
| 12:27 | Scout Tower |
| 12:40 | Orb of Lightning |
| 12:45 | Staff of Sanctuary |
| 12:50 | Staff of Sanctuary |
| 13:07 | Orb of Lightning |
| 13:19 | Scout Tower |
| 13:19 | Scout Tower |
| 13:20 | Scout Tower |
| 13:20 | Scout Tower |
| 13:25 | Guard Tower |
| 13:33 | Scout Tower |
| 13:34 | Scout Tower |
| 13:57 | Scout Tower |
| 13:58 | Scout Tower |
| 13:58 | Scout Tower |
| 13:59 | Scout Tower |
| 14:39 | Guard Tower |
| 14:57 | Scout Tower |
| 14:57 | Scout Tower |
| 14:58 | Scout Tower |
| 14:58 | Scout Tower |
| 14:59 | Scout Tower |
| 15:00 | Scout Tower |
| 15:17 | Guard Tower |
| 15:47 | Arcane Tower |
| 15:57 | Scout Tower |
| 15:58 | Scout Tower |
| 15:59 | Scout Tower |
| 16:00 | Scout Tower |
| 16:04 | Staff of Teleportation |
| 16:04 | Boots of Speed |
| 16:04 | Periapt of Vitality |
| 16:07 | Guard Tower |
| 16:08 | Scout Tower |
| 16:09 | Scout Tower |
| 16:24 | Guard Tower |
| 16:25 | Scout Tower |
| 16:26 | Scout Tower |
| 16:27 | Scout Tower |
| 16:27 | Scout Tower |
| 16:29 | Scout Tower |
| 16:30 | Scout Tower |
| 16:45 | Priest Master Training |
| 16:45 | Sorceress Adept Training |
| 17:03 | Guard Tower |
| 17:05 | Scout Tower |
| 17:06 | Scout Tower |
| 17:06 | Scout Tower |
| 17:18 | Scout Tower |
| 17:19 | Scout Tower |
| 17:20 | Scout Tower |
| 17:20 | Scout Tower |
| 17:21 | Scout Tower |
| 17:21 | Scout Tower |
| 17:22 | Scout Tower |
| 17:23 | Scout Tower |
| 17:27 | Scout Tower |
| 17:28 | Scout Tower |
| 17:29 | Scout Tower |
| 17:30 | Scout Tower |
| 17:30 | Scout Tower |
| 17:38 | Staff of Sanctuary |
| 17:45 | Guard Tower |
| 17:49 | Blacksmith |
| 17:51 | Gryphon Aviary |
| 17:53 | Barracks |
| 18:00 | Orb of Corruption |
| 18:12 | Scout Tower |
| 18:12 | Scout Tower |
| 18:13 | Scout Tower |
| 18:13 | Scout Tower |
| 18:15 | Scout Tower |
| 18:15 | Scout Tower |
| 18:16 | Scout Tower |
| 18:16 | Scout Tower |
| 18:17 | Scout Tower |
| 18:18 | Scout Tower |
| 18:19 | Scout Tower |
| 18:19 | Scout Tower |
| 18:41 | Guard Tower |
| 18:42 | Scout Tower |
| 18:43 | Scout Tower |
| 18:43 | Scout Tower |
| 19:15 | Guard Tower |
| 19:34 | Divine Shield |
| 19:37 | Guard Tower |
| 19:41 | Guard Tower |
| 19:43 | Scout Tower |
| 19:44 | Scout Tower |
| 19:44 | Scout Tower |
| 19:44 | Scout Tower |
| 19:45 | Scout Tower |
| 19:45 | Scout Tower |
| 19:46 | Animal War Training |
| 19:50 | Guard Tower |
| 19:52 | Storm Bolt |
| 20:33 | Guard Tower |
| 21:08 | Guard Tower |
| 21:10 | Scout Tower |
| 21:10 | Scout Tower |
| 21:11 | Scout Tower |
| 21:11 | Scout Tower |
| 21:49 | Guard Tower |
| 22:01 | Guard Tower |
| 22:06 | Peasant |
| 22:06 | Peasant |
| 22:15 | Dragonhawk Rider |
| 22:15 | Dragonhawk Rider |
| 22:17 | Studded Leather Armor |
| 22:24 | Sorceress |
| 22:25 | Priest |
| 22:25 | Sorceress Master Training |
| 22:30 | Guard Tower |
| 22:32 | Scout Tower |
| 22:34 | Scout Tower |
| 22:35 | Scout Tower |
| 22:35 | Scout Tower |
| 22:36 | Scout Tower |
| 22:36 | Scout Tower |
| 22:38 | Guard Tower |
| 23:03 | Scout Tower |
| 23:03 | Scout Tower |
| 23:04 | Scout Tower |
| 23:05 | Scout Tower |
| 23:05 | Scout Tower |
| 23:06 | Scout Tower |
| 23:07 | Scout Tower |
| 23:26 | Brilliance Aura |
| 23:38 | Iron Forged Swords |
| 23:42 | Guard Tower |
| 23:47 | Scout Tower |
| 23:47 | Scout Tower |
| 23:48 | Scout Tower |
| 23:48 | Scout Tower |
| 23:49 | Guard Tower |
| 24:07 | Circlet of Nobility |
| 24:07 | Staff of Teleportation |
| 24:41 | Guard Tower |
| 25:10 | Guard Tower |
| 25:12 | Scout Tower |
| 25:12 | Scout Tower |
| 25:13 | Scout Tower |
| 25:14 | Scout Tower |
| 25:14 | Scout Tower |
| 25:15 | Scout Tower |
| 25:26 | Holy Light |
| 25:32 | Guard Tower |
| 25:54 | Reinforced Leather Armor |
| Right click | 1768 |
| Select group | 1139 |
| Select | 369 |
| Build/train/purchase | 270 |
| Misc. action | 95 |
| Use ability | 95 |
| Chat | 71 |
| Minimap ping | 54 |
| Assign group | 10 |
| Item give/drop | 6 |
| Esc | 4 |


| Rod of Necromancy | 1 | 150 |
| Ritual Dagger | 1 | 125 |
| Orb of Corruption | 2 | 750 |
| Lesser Clarity Potion | 2 | 140 |
| Boots of Speed | 2 | 500 |
| Staff of Teleportation | 2 | 300 |
| Healing Salve | 3 | 300 |
| Scroll of Speed | 2 | 100 |
| Scroll of Regeneration | 1 | 100 |
| total: | 16 | 2465g |
| Acolyte | 8 | 600 | / | 0 |
| Ghoul | 6 | 720 | / | 0 |
| Obsidian Statue | 6 | 1200 | / | 210 |
| total: | 20 | 2520g | / | 210w |
| Nerubian Tower | 1 | 100 | / | 20 |
| Spirit Tower | 1 | 145 | / | 40 |
| Altar of Darkness | 1 | 180 | / | 50 |
| Crypt | 1 | 200 | / | 50 |
| Ziggurat | 5 | 750 | / | 250 |
| Tomb of Relics | 2 | 260 | / | 60 |
| Graveyard | 1 | 215 | / | 0 |
| Slaughterhouse | 1 | 140 | / | 135 |
| Halls of the Dead | 1 | 320 | / | 210 |
| Black Citadel | 1 | 325 | / | 230 |
| total: | 11 | 1745g | / | 545w |
| 0:01 | Acolyte |
| 0:05 | Altar of Darkness |
| 0:08 | Crypt |
| 0:13 | Acolyte |
| 0:26 | Ziggurat |
| 0:32 | Acolyte |
| 0:57 | Tomb of Relics |
| 1:05 | Ziggurat |
| 1:23 | Ghoul |
| 1:24 | Ghoul |
| 1:41 | Ghoul |
| 2:00 | Ghoul |
| 2:13 | Death Coil |
| 2:14 | Rod of Necromancy |
| 2:17 | Ritual Dagger |
| 3:15 | Graveyard |
| 4:32 | Halls of the Dead |
| 4:50 | Healing Salve |
| 4:59 | Scroll of Speed |
| 5:10 | Ghoul |
| 5:37 | Unholy Aura |
| 6:53 | Slaughterhouse |
| 6:55 | Acolyte |
| 6:55 | Acolyte |
| 7:29 | Acolyte |
| 7:29 | Acolyte |
| 7:57 | Boots of Speed |
| 7:57 | Staff of Teleportation |
| 8:19 | Healing Salve |
| 8:30 | Frost Nova |
| 9:15 | Ziggurat |
| 9:16 | Nerubian Tower |
| 9:17 | Black Citadel |
| 9:20 | Boots of Speed |
| 9:36 | Tomb of Relics |
| 10:01 | Staff of Teleportation |
| 10:18 | Obsidian Statue |
| 10:22 | Healing Salve |
| 10:27 | Scroll of Speed |
| 11:41 | Obsidian Statue |
| 11:43 | Ziggurat |
| 11:52 | Acolyte |
| 11:55 | Orb of Corruption |
| 12:42 | Obsidian Statue |
| 12:42 | Obsidian Statue |
| 12:52 | Orb of Corruption |
| 15:14 | Death Coil |
| 16:19 | Obsidian Statue |
| 16:19 | Obsidian Statue |
| 16:27 | Ghoul |
| 16:47 | Ghoul Frenzy |
| 18:11 | Frost Armor |
| 20:10 | Scroll of Regeneration |
| 20:11 | Lesser Clarity Potion |
| 20:17 | Lesser Clarity Potion |
| 21:49 | Spirit Tower |
| 21:57 | Frost Nova |
| 22:15 | Unholy Aura |
| 23:12 | Ziggurat |
| Right click | 1896 |
| Select group | 859 |
| Select | 237 |
| Chat | 217 |
| Assign group | 161 |
| Build/train/purchase | 157 |
| Resource trade | 117 |
| Use ability | 80 |
| Misc. action | 15 |
| Item give/drop | 4 |
| Remove unit | 1 |
| Minimap ping | 1 |
⇛